 Dungeon Crawl Stone Soup version 0.20.1-1-g8b1a95d (webtiles) character file.

50 Nattfarinn the Skirmisher (level 3, 0/23 HPs)
             Began as a Gargoyle Berserker on Aug 4, 2017.
             Was a Believer of Trog.
             Slain by a hobgoblin (3 damage)
             ... led by Robin
             ... on level 2 of the Dungeon.
             The game lasted 00:02:22 (941 turns).

Nattfarinn the Skirmisher (Gargoyle Berserker)       Turns: 941, Time: 00:02:22

Health: 0/23       AC:  7    Str: 20    XL:     3   Next: 79%
Magic:  3/3        EV: 13    Int:  7    God:    Trog [**....]
Gold:   52         SH:  0    Dex: 10    Spells: 2/2 levels left

rFire    + . .     SeeInvis .   a - +0 mace
rCold    + . .     Gourm    .   (no shield)
rNeg     + . .     Faith    .   b - +0 animal skin
rPois    ∞         Spirit   .   (no helmet)
rElec    +         Reflect  .   (no cloak)
rCorr    +         Harm     .   (no gloves)
MR       .....                  g - +1 pair of boots
Stlth    +.........             (no amulet)
Regen    0.1/turn               (no ring)
MPRegen  0.1/turn               (no ring)

@: resistant, berserk cooldown, slowed, very slow
A: negative energy resistance 1, electricity resistance, unbreathing,
petrification resistance, rot immunity, AC +3
a: Berserk, Trog's Hand, Burn Spellbooks, Renounce Religion


You were on level 2 of the Dungeon.
You worshipped Trog.
Trog was pleased with you.
You were very hungry.

You visited 1 branch of the dungeon, and saw 2 of its levels.

You collected 52 gold pieces.

Inventory:

Hand Weapons
 a - a +0 mace (weapon)
Armour
 b - a +0 animal skin (worn)
 g - a +1 pair of boots (worn)
Scrolls
 d - 2 scrolls of identify {unknown}
 f - a scroll of recharging {unknown}
 h - a scroll of blinking {unknown}
 j - a scroll of immolation {unknown}
Comestibles
 c - 2 bread rations


   Skills:
 - Level 3.2 Fighting
 - Level 3.0 Maces & Flails
 - Level 2.1 Armour
 * Level 3.2 Dodging


You had 2 spell levels left.
You didn't know any spells.

Dungeon Overview and Level Annotations

Branches:
Dungeon (2/15)

Altars:


Innate Abilities, Weirdness & Mutations

You are resistant to torment.
Your stone body is resilient. (AC +3)
You are immune to poison.
You resist negative energy. (rN+)
You are resistant to electric shocks. (rElec)
You can survive without breathing.
You are immune to petrification.
You are immune to rotting.


Message History

The hobgoblin hits you but does no damage.
You hit the hobgoblin.
The hobgoblin is severely wounded.
The hobgoblin hits you but does no damage. x2
You barely miss the hobgoblin.
The hobgoblin is severely wounded.
The hobgoblin hits you but does no damage. x2
You closely miss the hobgoblin.
The hobgoblin is severely wounded.
You feel less wooden.
Your +1 pair of boots unmelds from your body.
Your +0 animal skin unmelds from your body.
The hobgoblin barely misses you.
You hit the hobgoblin.
The hobgoblin is almost dead.
The hobgoblin misses you. The hobgoblin closely misses you.
You barely miss the hobgoblin.
The hobgoblin is almost dead.
The hobgoblin completely misses you. The hobgoblin hits you.
You die...

####### ......###
....#...# . ..8...8.# ..
#...#...# ...
##.###.######## ....
#...#...##....# .....
..8...8.##.##.#####......
#...#..........)@ggg.....
##.###.#....#.#####......
#...#....#....# .....
..8...8..##<### ....
...........## ...
..##..#..#.# .. ##
##.####.# ) #.# .. .#


You could see a hobgoblin and 2 goblins.

Vanquished Creatures
  Robin (D:2)
  2 leopard geckos (D:1)
  3 giant cockroaches (D:1)
  5 hobgoblins
  7 bats
  5 frilled lizards (D:1)
  9 goblins (D:2)
  2 kobolds (D:1)
  4 rats
38 creatures vanquished.

Notes
Turn   | Place    | Note
-------+----------+-------------------------------------------
     0 | D:1      | Nattfarinn the Gargoyle Berserker began the quest for the Orb.
     0 | D:1      | Reached XP level 1. HP: 14/14 MP: 1/1
    83 | D:1      | Reached XP level 2. HP: 11/19 MP: 2/2
   783 | D:1      | Reached XP level 3. HP: 23/23 MP: 3/3
   899 | D:2      | Noticed Robin
   910 | D:2      | Reached ** piety under Trog
   920 | D:2      | Killed Robin
   928 | D:2      | HP: 1/23 [rat (3)]
   941 | D:2      | Slain by a hobgoblin

Skill      XL: |  1  2  3 |
---------------+----------+-----
Dodging        | 2 3 |  3.2
Fighting       | |  3.2
Maces & Flails | |  3.0
Armour         | |  2.1

Action                   || total
-------------------------++-------
Melee: Mace              ||   126
Invok: Berserk           ||     1
  Use: Potion            ||     2
Armor: Animal skin       ||    68
       Skin              ||    16
Dodge: Dodged            ||    96
